 Dungeon Crawl Stone Soup version 0.28.0-47-ge53b351184 (webtiles) character file.

Game seed: 5990756473292233744

3 GigaChad the Firebug (level 1, 0/14 HPs)
             Began as a Draconian Fire Elementalist on Apr 26, 2022.
             Slain by an endoplasm (1 damage)
             ... on level 1 of the Dungeon.
             The game lasted 00:00:33 (111 turns).

GigaChad the Firebug (Draconian Fire Elementalist)   Turns: 111, Time: 00:00:34

Health: 0/14       AC:  4    Str: 10    XL:     1   Next: 41%
Magic:  2/3        EV: 12    Int: 15    God:
Gold:   0          SH:  0    Dex: 11    Spells: 3/4 levels left

rFire   . . .      SeeInvis .   a - +0 falchion
rCold   . . .      Faith    .   (no shield)
rNeg    . . .      Spirit   .   (armour unavailable)
rPois   .          Reflect  .   (helmet restricted)
rElec   .          Harm     .   (no cloak)
rCorr   .          Rampage  .   (no gloves)
Will    .....                   (no boots)
Stlth   ++........              (no amulet)
HPRegen 0.04/turn               (no ring)
MPRegen 0.08/turn               (no ring)

@: slowed, very slow
A: AC +4, unfitting armour, cold-blooded
a: no special abilities


You were on level 1 of the Dungeon.
You visited 1 branch of the dungeon, and saw 1 of its levels.

Inventory:

Hand Weapons
 a - a +0 falchion (weapon)
Potions
 b - a potion of invisibility {unknown}


   Skills:
 + Level 0.4 Long Blades
 + Level 1.8 Dodging
 + Level 1.7 Stealth
 + Level 2.0 Spellcasting
 + Level 1.0 Conjurations
 + Level 3.1 Fire Magic


You had 3 spell levels left.
You knew the following spells:

 Your Spells              Type           Power      Damage    Failure   Level
a - Foxfire               Conj/Fire      28%        2x1d5     10%         1

Your spell library contained the following spells:

 Spells                   Type           Power      Damage    Failure   Level
 Scorch                   Fire           20%        2d6       10%         2
 Conjure Flame            Conj/Fire      7%         6-21      28%         3
 Inner Flame              Hex/Fire       6%         N/A       34%         3
 Flame Wave               Conj/Fire      7%         2d5       67%         4


Dungeon Overview and Level Annotations

Branches:
Dungeon (1/15)

Altars:


Innate Abilities, Weirdness & Mutations

Your plain brown scales are hard. (AC +4)
You cannot fit into any form of body armour.
You are cold-blooded and may be slowed by cold attacks.


Message History

The bat misses you. The bat closely misses you. The bat closely misses you.
You barely miss the bat. The bat hits you but does no damage.
The bat completely misses you. The bat barely misses you.
You miss the bat.
Your tail-slap misses the bat.
The bat hits you but does no damage.
An endoplasm comes into view.
The bat hits you but does no damage.
A goblin comes into view. It is wielding a +0 club.
The bat closely misses you. The bat misses you.
You barely miss the bat.
Your tail-slap misses the bat.
The endoplasm quivers.
The bat closely misses you. The bat misses you.
Found a robe and 8 gold pieces.
The bat barely misses you. The bat hits you but does no damage.
There is a stone staircase leading down here.
The bat misses you.
You conjure some foxfire!
The bat hits you but does no damage. The bat completely misses you.
The foxfire hits the bat.
You kill the bat!
The foxfire hits the endoplasm.
The endoplasm is moderately wounded.
The endoplasm freezes you.
You are frozen.
There is a stone staircase leading down here.
You barely miss the endoplasm.
The endoplasm is moderately wounded.
The endoplasm freezes you.
You are frozen.
* * * LOW HITPOINT WARNING * * *
You feel yourself slow down.
You hit the endoplasm but do no damage.
The endoplasm is moderately wounded.
The endoplasm freezes you.
You are frozen.
* * * LOW HITPOINT WARNING * * *
You feel as though you will be slow longer.
The goblin misses you. The endoplasm hits you.
You die...

#### #..
...........#
..........##..
...........+
..............
...........#
...#####.##..
...........# ...#
#...†. ...........#
..# ####.#
..[........# #.#
#.....
..........g######.##
#.#...
#.>.J@...(...#
#.#...
#)..#######..##
#.#.>. #...# #...#
#.#... ##.##
#.#.###..... #.#
#........... #.#
####.##....# .$#
#.##....# ..#
#.##....# #.##..[.#


You could see an endoplasm and a goblin.

Vanquished Creatures
  A ball python (D:1)
  A giant cockroach (D:1)
  A bat (D:1)
3 creatures vanquished.

Vanquished Creatures (others)
  2 foxfires (D:1)
2 creatures vanquished.

Grand Total: 5 creatures vanquished

Notes
Turn   | Place    | Note
-------+----------+-------------------------------------------
     0 | D:1      | GigaChad the Draconian Fire Elementalist began the quest
                  | for the Orb.
     0 | D:1      | Reached XP level 1. HP: 14/14 MP: 3/3
   111 | D:1      | Slain by an endoplasm

Illustrated notes

Levels and vault maps discovered:
D:1:      dpeg_arrival_rooms_with_view, layout_basic

Action                   || total
-------------------------++-------
Melee: Falchion          ||    22
       Punch             ||     2
       Tailslap          ||     1
 Cast: Foxfire           ||     1
Armor: Skin              ||    12
Dodge: Dodged            ||    32
